TOP OF THE 1ST |
New Orleans Looters batting - Pitching for So Cal Bruins : RHP Juan González
|
Pitching: RHP Juan González
|
|
Batting: SHB Arturo Sánchez
|
0-0: Fly out, F2 (Popup, 23)
|
Batting: RHB Rubén Vázquez
|
0-0: Called Strike 0-1: Called Strike 0-2: Ball 1-2: Foul Ball, location: 2F 1-2: Strikes out swinging
|
Batting: LHB Seung-chun Mun
|
0-0: Swinging Strike 0-1: Ball 1-1: Foul Ball, location: 2F 1-2: Hit by Pitch
|
Batting: SHB Oliver Deleón
|
0-0: Called Strike 0-1: Foul Ball, location: 2F 0-2: Ball 1-2: Ball 2-2: Ground out U3 (Groundball, 3L)
|
Top of the 1st over - 0 run(s), 0 hit(s), 0 error(s), 1 left on base; New Orleans 0 - So Cal 0 |
BOTTOM OF THE 1ST |
So Cal Bruins batting - Pitching for New Orleans Looters : RHP Edward Baker
|
Pitching: RHP Edward Baker
|
|
Batting: LHB Jesús Campos
|
0-0: Called Strike 0-1: Foul Ball, location: 2F 0-2: Ball 1-2: SINGLE (Groundball, 4D)
|
Batting: RHB William Richardson
|
0-0: Swinging Strike 0-1: Ball 1-1: Ball 2-1: Called Strike 2-2: Foul Ball, location: 2F 2-2: Ball 3-2: SINGLE (Groundball, 34D) Jesús Campos to second Jesús Campos to third
|
Batting: LHB Kiyonaga Morita
|
0-0: Ball 1-0: Fly out, F7 (Line Drive, 7LM) Runner from 3rd tags up, SCORES, no throw
|
Batting: RHB Earl Wiggins
|
0-0: Fly out, F9 (Flyball, 9S)
|
Batting: LHB César Valentín
|
0-0: Fielders Choice at 2nd, 4-6 (Groundball, 4)
|
Bottom of the 1st over - 1 run(s), 2 hit(s), 0 error(s), 0 left on base; New Orleans 0 - So Cal 1 |
TOP OF THE 2ND |
New Orleans Looters batting - Pitching for So Cal Bruins : RHP Juan González
|
Batting: RHB Stephen Shaw
|
0-0: Ball 1-0: Called Strike 1-1: Swinging Strike 1-2: Strikes out swinging
|
Batting: RHB Dave O'Loan
|
0-0: Called Strike 0-1: Foul Ball, location: 2F 0-2: Strikes out swinging
|
Batting: LHB Francisco Vega
|
0-0: Reached on error, E4 (Groundball, 4)
|
Batting: RHB Run-ming Zhu
|
0-0: Ball 1-0: Fly out, F7 (Flyball, 7LS)
|
Top of the 2nd over - 0 run(s), 0 hit(s), 1 error(s), 1 left on base; New Orleans 0 - So Cal 1 |
BOTTOM OF THE 2ND |
So Cal Bruins batting - Pitching for New Orleans Looters : RHP Edward Baker
|
Batting: RHB Lawrence Schroeder
|
0-0: Ball 1-0: Called Strike 1-1: Called Strike 1-2: Strikes out looking
|
Batting: LHB Phil Smith
|
0-0: Foul Ball, location: 2F 0-1: Fly out, F8 (Flyball, 8RM)
|
Batting: RHB Morgan Gibbon
|
0-0: Called Strike 0-1: Ball 1-1: SINGLE (Groundball, 34D)
|
Batting: RHB Jonathan MacVey
|
0-0: Called Strike 0-1: 2-RUN HOME RUN (Flyball, 7D), Distance : 367 ft
|
Batting: LHB Jesús Campos
|
0-0: Ball 1-0: Fly out, F9 (Flyball, 9LDF)
|
Bottom of the 2nd over - 2 run(s), 2 hit(s), 0 error(s), 0 left on base; New Orleans 0 - So Cal 3 |
TOP OF THE 3RD |
New Orleans Looters batting - Pitching for So Cal Bruins : RHP Juan González
|
Batting: LHB Miguel Colón
|
0-0: Ball 1-0: SINGLE (Groundball, 56D)
|
Batting: SHB Arturo Sánchez
|
0-0: Called Strike 0-1: Ball 1-1: Called Strike 1-2: Fielders Choice at 2nd, 4-6 (Groundball, 34)
|
Batting: RHB Rubén Vázquez
|
0-0: Ball 1-0: Ball 2-0: Swinging Strike 2-1: SINGLE (Flyball, 8RS) Arturo Sánchez to second
|
Batting: LHB Seung-chun Mun
|
0-0: Ball 1-0: Foul Ball, location: 2F 1-1: Foul Ball, location: 2F 1-2: Ball 2-2: Reached via error on a dropped throw, E6 Arturo Sánchez to third Rubén Vázquez to second
|
Batting: SHB Oliver Deleón
|
0-0: Ball 1-0: Ball 2-0: Grounds into fielders choice 1-2 (Groundball, 13) Rubén Vázquez to third Seung-chun Mun to second
|
Batting: RHB Stephen Shaw
|
0-0: Ground out 1-3 (Groundball, P)
|
Top of the 3rd over - 0 run(s), 2 hit(s), 1 error(s), 3 left on base; New Orleans 0 - So Cal 3 |
BOTTOM OF THE 3RD |
So Cal Bruins batting - Pitching for New Orleans Looters : RHP Edward Baker
|
Batting: RHB William Richardson
|
0-0: Ball 1-0: SINGLE (Groundball, 6D)
|
Batting: LHB Kiyonaga Morita
|
0-0: Foul Ball, location: 2F 0-1: Called Strike 0-2: Ball 1-2: Ball 2-2: SINGLE (Groundball, 5D) William Richardson to second
|
Batting: RHB Earl Wiggins
|
0-0: Ball 1-0: Ball 2-0: Fly out, F5 (Line Drive, 56S)
|
Batting: LHB César Valentín
|
0-0: Swinging Strike 0-1: Ball 1-1: Swinging Strike 1-2: Strikes out looking
|
Batting: RHB Lawrence Schroeder
|
0-0: Swinging Strike 0-1: Ball 1-1: Swinging Strike 1-2: Strikes out swinging
|
Bottom of the 3rd over - 0 run(s), 2 hit(s), 0 error(s), 2 left on base; New Orleans 0 - So Cal 3 |
TOP OF THE 4TH |
New Orleans Looters batting - Pitching for So Cal Bruins : RHP Juan González
|
Batting: RHB Dave O'Loan
|
0-0: Ball 1-0: Swinging Strike 1-1: Ball 2-1: Swinging Strike 2-2: Strikes out swinging
|
Batting: LHB Francisco Vega
|
0-0: Called Strike 0-1: Ball 1-1: Ball 2-1: Ground out 4-3 (Groundball, 4)
|
Batting: RHB Run-ming Zhu
|
0-0: Foul Ball, location: 2F 0-1: Ground out 6-3 (Groundball, 6)
|
Top of the 4th over - 0 run(s), 0 hit(s), 0 error(s), 0 left on base; New Orleans 0 - So Cal 3 |
BOTTOM OF THE 4TH |
So Cal Bruins batting - Pitching for New Orleans Looters : RHP Edward Baker
|
Batting: LHB Phil Smith
|
0-0: Ball 1-0: Called Strike 1-1: Ball 2-1: Fly out, F8 (Flyball, 8LS)
|
Batting: RHB Morgan Gibbon
|
0-0: DOUBLE (Line Drive, 3D)
|
Batting: RHB Jonathan MacVey
|
0-0: Ball 1-0: Ball 2-0: Ball 3-0: Called Strike 3-1: Fly out, F7 (Line Drive, 78M)
|
Batting: LHB Jesús Campos
|
0-0: Called Strike 0-1: Ball 1-1: Fly out, F9 (Flyball, 9S)
|
Bottom of the 4th over - 0 run(s), 1 hit(s), 0 error(s), 1 left on base; New Orleans 0 - So Cal 3 |
TOP OF THE 5TH |
New Orleans Looters batting - Pitching for So Cal Bruins : RHP Juan González
|
Batting: LHB Miguel Colón
|
0-0: Foul Ball, location: 2F 0-1: Ball 1-1: Swinging Strike 1-2: Ball 2-2: Fly out, F8 (Flyball, 78D)
|
Batting: SHB Arturo Sánchez
|
0-0: Called Strike 0-1: Foul Ball, location: 2F 0-2: Ball 1-2: Foul Ball, location: 2F 1-2: Ball 2-2: SINGLE (Line Drive, 34)
|
Batting: RHB Rubén Vázquez
|
0-0: Ball 1-0: Called Strike 1-1: Swinging Strike 1-2: Strikes out swinging
|
Batting: LHB Seung-chun Mun
|
0-0: Foul Ball, location: 2F 0-1: Fly out, F3 (Popup, 3S)
|
Top of the 5th over - 0 run(s), 1 hit(s), 0 error(s), 1 left on base; New Orleans 0 - So Cal 3 |
BOTTOM OF THE 5TH |
So Cal Bruins batting - Pitching for New Orleans Looters : RHP Edward Baker
|
Batting: RHB William Richardson
|
0-0: Swinging Strike 0-1: Ball 1-1: Swinging Strike 1-2: Strikes out swinging
|
Batting: LHB Kiyonaga Morita
|
0-0: Swinging Strike 0-1: Foul Ball, location: 2F 0-2: Ball 1-2: Strikes out looking
|
Batting: RHB Earl Wiggins
|
0-0: Foul Ball, location: 2F 0-1: Ball 1-1: Ball 2-1: Foul Ball, location: 2F 2-2: SINGLE (Line Drive, 4M)
|
Batting: LHB César Valentín
|
0-0: Ball 1-0: Ball 2-0: Called Strike 2-1: Called Strike 2-2: Strikes out swinging
|
Bottom of the 5th over - 0 run(s), 1 hit(s), 0 error(s), 1 left on base; New Orleans 0 - So Cal 3 |
TOP OF THE 6TH |
New Orleans Looters batting - Pitching for So Cal Bruins : RHP Juan González
|
Batting: SHB Oliver Deleón
|
0-0: Called Strike 0-1: Called Strike 0-2: Foul Ball, location: 2F 0-2: Fly out, F9 (Flyball, 9S)
|
Batting: RHB Stephen Shaw
|
0-0: Called Strike 0-1: Foul Ball, location: 2F 0-2: Strikes out swinging
|
Batting: RHB Dave O'Loan
|
0-0: Ball 1-0: Fly out, F9 (Flyball, 9S)
|
Top of the 6th over - 0 run(s), 0 hit(s), 0 error(s), 0 left on base; New Orleans 0 - So Cal 3 |
BOTTOM OF THE 6TH |
So Cal Bruins batting - Pitching for New Orleans Looters : RHP Edward Baker
|
Batting: RHB Lawrence Schroeder
|
0-0: Foul Ball, location: 2F 0-1: Ball 1-1: Ball 2-1: Fly out, F7 (Flyball, 7D)
|
Batting: LHB Phil Smith
|
0-0: SINGLE (Flyball, 89S)
|
Batting: RHB Morgan Gibbon
|
0-0: Called Strike 0-1: Foul Ball, location: 2F 0-2: Strikes out looking
|
Batting: RHB Jonathan MacVey
|
0-0: Foul Ball, location: 2F 0-1: Ball 1-1: Swinging Strike 1-2: Ball 2-2: Ball 3-2: Foul Ball, location: 2F 3-2: Base on Balls Phil Smith to second
|
Batting: LHB Jesús Campos
|
0-0: Ball 1-0: Foul Ball, location: 2F 1-1: Ball 2-1: Swinging Strike 2-2: Fielders Choice at 2nd, 4-6 (Groundball, 4)
|
Bottom of the 6th over - 0 run(s), 1 hit(s), 0 error(s), 1 left on base; New Orleans 0 - So Cal 3 |
TOP OF THE 7TH |
New Orleans Looters batting - Pitching for So Cal Bruins : RHP Juan González
|
Batting: LHB Francisco Vega
|
0-0: Foul Ball, location: 2F 0-1: SINGLE (Flyball, 4D)
|
Batting: RHB Run-ming Zhu
|
0-0: Ball 1-0: Ball 2-0: Ball 3-0: Called Strike 3-1: Grounds into double play, 6-4-3 (Groundball, 6M)
|
Batting: LHB Miguel Colón
|
0-0: Foul Ball, location: 2F 0-1: Ground out 1-3 (Groundball, 13)
|
Top of the 7th over - 0 run(s), 1 hit(s), 0 error(s), 0 left on base; New Orleans 0 - So Cal 3 |
BOTTOM OF THE 7TH |
So Cal Bruins batting - Pitching for New Orleans Looters : RHP Edward Baker
|
Pitching: LHP Tadao Yoshida
|
|
Batting: RHB William Richardson
|
0-0: Ball 1-0: Ball 2-0: Ball 3-0: Called Strike 3-1: Base on Balls
|
Batting: LHB Kiyonaga Morita
|
0-0: Ball 1-0: Foul Ball, location: 2F 1-1: Ball 2-1: Foul Ball, location: 2F 2-2: Ball 3-2: Fly out, F7 (Flyball, 7D)
|
Batting: RHB Earl Wiggins
|
0-0: Fly out, F9 (Flyball, 9LS)
|
Batting: LHB César Valentín
|
0-0: Ball 1-0: Called Strike 1-1: Foul Ball, location: 2F 1-2: Foul Ball, location: 2F 1-2: Ball William Richardson steals 2nd base 2-2: Foul Ball, location: 2F 2-2: Fly out, F5 (Popup, 5L)
|
Bottom of the 7th over - 0 run(s), 0 hit(s), 0 error(s), 1 left on base; New Orleans 0 - So Cal 3 |
TOP OF THE 8TH |
New Orleans Looters batting - Pitching for So Cal Bruins : RHP Juan González
|
Batting: SHB Arturo Sánchez
|
0-0: Ball 1-0: Ball 2-0: Called Strike 2-1: Foul Ball, location: 2F 2-2: Ball 3-2: SINGLE (Line Drive, 56D)
|
Batting: RHB Rubén Vázquez
|
0-0: Ball 1-0: Ball Pickoff Throw to First - Error! E1 Arturo Sánchez to second 2-0: Ball 3-0: SINGLE (Line Drive, 6D) Arturo Sánchez to third Runner from 3rd tries for Home, SAFE, no throw
|
Pitching: RHP Masahiko Okada
|
|
Batting: LHB Seung-chun Mun
|
0-0: Called Strike 0-1: Called Strike 0-2: Ball 1-2: 2-RUN HOME RUN (Flyball, 89XD), Distance : 403 ft
|
Batting: SHB Oliver Deleón
|
0-0: Ball 1-0: Foul Ball, location: 2F 1-1: Ball 2-1: Swinging Strike 2-2: Strikes out looking
|
Batting: RHB Stephen Shaw
|
0-0: Ball 1-0: Ball 2-0: Ball 3-0: Swinging Strike 3-1: Swinging Strike 3-2: Strikes out swinging
|
Pinch Hitting: LHB Taylor Smith
|
0-0: Ground out 4-3 (Groundball, 4)
|
Top of the 8th over - 3 run(s), 3 hit(s), 1 error(s), 0 left on base; New Orleans 3 - So Cal 3 |
BOTTOM OF THE 8TH |
So Cal Bruins batting - Pitching for New Orleans Looters : LHP Tadao Yoshida
|
Now at SS: Tim Gardner
|
|
Batting: RHB Lawrence Schroeder
|
0-0: Ball 1-0: Called Strike 1-1: Ball 2-1: Called Strike 2-2: Strikes out swinging
|
Pinch Hitting: RHB Juan Valverde
|
0-0: Fly out, F5 (Line Drive, 56)
|
Batting: RHB Morgan Gibbon
|
0-0: Ball 1-0: Ball 2-0: Ball 3-0: Called Strike 3-1: Called Strike 3-2: Strikes out swinging
|
Bottom of the 8th over - 0 run(s), 0 hit(s), 0 error(s), 0 left on base; New Orleans 3 - So Cal 3 |
TOP OF THE 9TH |
New Orleans Looters batting - Pitching for So Cal Bruins : RHP Masahiko Okada
|
Pitching: RHP Marty Burgess
|
|
Now in RF: Júlio Salazar
|
|
Batting: LHB Francisco Vega
|
0-0: Ball 1-0: Ball 2-0: Ball 3-0: Called Strike 3-1: Fly out, F8 (Flyball, 8LM)
|
Pinch Hitting: LHB Eduardo Rodríguez
|
0-0: Foul Ball, location: 2F 0-1: Ball 1-1: Ball 2-1: Ground out 4-3 (Groundball, 4S)
|
Batting: LHB Miguel Colón
|
0-0: Ball 1-0: Foul Ball, location: 2F 1-1: Ball 2-1: Foul Ball, location: 2F 2-2: Fly out, F6 (Popup, 6MD)
|
Top of the 9th over - 0 run(s), 0 hit(s), 0 error(s), 0 left on base; New Orleans 3 - So Cal 3 |
BOTTOM OF THE 9TH |
So Cal Bruins batting - Pitching for New Orleans Looters : LHP Tadao Yoshida
|
Now at C: Derek Roach
|
|
Batting: RHB Jonathan MacVey
|
0-0: Ball 1-0: Ground out 6-3 (Groundball, 6)
|
Batting: LHB Jesús Campos
|
0-0: Ball 1-0: Foul Ball, location: 2F 1-1: Fly out, F4 (Line Drive, 34)
|
Batting: RHB William Richardson
|
0-0: Ball 1-0: Ball 2-0: SOLO HOME RUN (Flyball, 7LD), Distance : 355 ft
|
Tuesday, August 8th, 2017 - OOTP Baseball 17.12 Build 75
|
|